 Dungeon Crawl Stone Soup version 0.29-a0-845-g6161e89988 (webtiles) character file.

Game seed: 13299568502550131841

80287 jimonade the Thaumaturge (level 16, -3/120 HPs)
             Began as a Djinni Fire Elementalist on July 14, 2022.
             Was the Champion of Makhleb.
             Slain by an orc warrior
             ... wielding a +0 long sword
             ... led by an orc warlord
              (19 damage)
             ... on level 2 of the Orcish Mines on July 15, 2022.
             The game lasted 02:14:08 (24321 turns).

jimonade the Thaumaturge (DjFE)                    Turns: 24321, Time: 02:14:11

Health: -3/120     AC: 10    Str: 13      XL:     16   Next: 14%
Gold:   1224       EV: 13    Int: 23 (25) God:    Makhleb [******] SH: 11 Dex: 14

rFire   + + +      SeeInvis .   a - staff of fire
rCold   x . .      Faith    .   v - +0 kite shield
rNeg    + + .      Spirit   .   s - +2 robe {Will+}
rPois   ∞          Reflect  .   (no helmet)
rElec   .          Harm     .   b - +2 cloak "Xejiunac" {rN+}
rCorr   .          Rampage  .   x - +0 pair of gloves
Will    ++...                   (boots unavailable)
Stlth   ++........              y - amulet of regeneration
HPRegen 1.10/turn               E - ring of positive energy
MPRegen 0.00/turn               q - +6 ring of intelligence

@: flying, studying Dodging
A: sickness immunity, fire resistance 2, cold vulnerability 1, float, innate
caster, HP casting, extra vitality 1
a: Renounce Religion, Minor Destruction, Lesser Servant of Makhleb, Major
Destruction, Greater Servant of Makhleb


You were on level 2 of the Orcish Mines.
You worshipped Makhleb.
Makhleb was exalted by your worship.
You visited 4 branches of the dungeon, and saw 20 of its levels.
You also visited: Bailey and Gauntlet.

You collected 2341 gold pieces.
You spent 1117 gold pieces at shops.

Inventory:

Hand Weapons
 L - the +8 spear of the Blessed Realm {drain, MP+9}
   (You found it on level 5 of the Lair of Beasts)

   A truly terrible weapon, it drains the life of any living foe it strikes.
   MP:        It affects your magic capacity (+9).
Missiles
 R - 6 throwing nets
Armour
 b - the +2 cloak "Xejiunac" (worn) {rN+}
   (You bought it in a shop on level 4 of the Dungeon)

   rN:        It protects you from negative energy.
 j - a +2 leather armour of cold resistance
 n - a scarf of shadows
 s - a +2 robe of willpower (worn)
 v - a +0 kite shield (worn)
 x - a +0 pair of gloves (worn)
 z - a +0 troll leather armour
 O - the +1 chain mail "Xabyb" {rC+ Dex+2}
   (You took it off an orc warrior in a bailey)

   Dex:       It affects your dexterity (+2).
   rC:        It protects you from cold.
 Q - a +1 leather armour of positive energy
 T - a +0 buckler
 Z - a +0 ring mail of willpower
Magical Staves
 a - a staff of fire (weapon)
 r - a staff of death
 C - a staff of poison
 W - a staff of earth
Jewellery
 q - a +6 ring of intelligence (right hand)
 y - an amulet of regeneration (around neck)
 B - a ring of resist corrosion
 E - a ring of positive energy (left hand)
Wands
 c - a wand of iceblast (24)
 d - a wand of flame (12)
 t - a wand of polymorph (3)
 G - a wand of paralysis (22)
 M - a wand of digging (7)
 U - a wand of mindburst (15)
 V - a wand of acid (16)
Scrolls
 e - 2 scrolls of brand weapon
 f - 11 scrolls of teleportation
 g - 3 scrolls of poison
 i - a scroll of magic mapping
 p - 8 scrolls of enchant armour
 w - 2 scrolls of blinking
 D - 2 scrolls of summoning {unknown}
 F - 4 scrolls of enchant weapon
 K - 2 scrolls of vulnerability {unknown}
 N - 2 scrolls of fog
 S - 4 scrolls of immolation {unknown}
 Y - 2 scrolls of fear
Potions
 h - a potion of berserk rage {unknown}
 k - 3 potions of haste
 l - a potion of ambrosia {unknown}
 m - 3 potions of resistance
 o - 4 potions of might
 u - 4 potions of invisibility
 A - a potion of cancellation {unknown}
 H - 10 potions of curing
 J - 4 potions of lignification
 P - 4 potions of heal wounds
 X - a potion of brilliance


   Skills:
 * Level 12.5 Fighting
 + Level 12.5 Armour
 * Level 5.6 Dodging
 - Level 1.5 Stealth
 + Level 10.2 Shields
 + Level 14.5 Spellcasting


You had 6 spell levels left.
You knew the following spells:

 Your Spells              Type           Power      Damage    Failure   Level
a - Foxfire               Conj/Fire      100%       2x1d9     1%          1
b - Scorch                Fire           100%       2d10      1%          2
c - Conjure Flame         Conj/Fire      90%        6-21      1%          3
d - Inner Flame           Hex/Fire       90%        N/A       1%          3
e - Flame Wave            Conj/Fire      90%        2d15      1%          4
f - Freeze                Ice            100%       1d11      1%          1
g - Passwall              Tmut/Erth      59%        N/A       1%          2
h - Call Imp              Summ           71%        N/A       1%          2
i - Dispel Undead         Necr           71%        3d24      1%          4
j - Yara's Violent Unrav  Hex/Tmut       35%        3d14      1%          5
k - Lee's Rapid Deconstr  Erth           35%        3d19*     1%          5
l - Summon Cactus Giant   Summ           35%        N/A       3%          6
Your spell library was empty.

Dungeon Overview and Level Annotations

Branches:
Dungeon (11/15)            Temple (1/1) D:4            Lair (6/6) D:8
 Shoals (0/4) Lair:4       Spider (0/4) Lair:4        Slime (0/5) Lair:6
    Orc (2/2) D:11         Bailey (visited)         Gauntlet (visited)
    Elf: Orc:2

Altars:
Ashenzari
Cheibriados
Dithmenos
Elyvilon
Fedhas
Gozag
Hepliaklqana
Makhleb
Nemelex Xobeh
Okawaru
Qazlal
Ru
Trog
Uskayaw
Wu Jian
Xom
Yredelemnul
Zin
The Shining One
Jiyva

Shops:
D:4 [   D:11 ?   Orc:2 *

Annotations:
D:3 exclusion: downstairs
D:6 3 runed translucent doors, ponyjar's ghost, novice OpTm
Lair:3 2 transporters, exclusion: downstairs, Losulif's ghost, journeyman MiMo


Innate Abilities, Weirdness & Mutations

You are immune to sickness and miasma.
You are immune to poison.
Your flesh is very heat resistant. (rF++)
You are vulnerable to cold. (rC-)
You float through the air rather than walking.
You learn spells naturally, not from books.
Your magical power is your life essence.
You have superior vitality. (+4 MHP)


Message History

* * * LOW HITPOINT WARNING * * *
The orc warlord is engulfed in blazing flames.
Flame seeps out of the orc warlord.
The orc warlord barely misses you.
Casting: Scorch (safe; 1% risk of failure)
Confirm with . or Enter, or press ? or * to list all spells.
You feel a surge of power!
Flames lash the orc warlord but do no damage.
* * * LOW HITPOINT WARNING * * *
The orc warrior no longer looks unusually strong.
The orc warlord hits you with a +2 long sword of freezing.
* * * LOW HITPOINT WARNING * * *
The orc warlord freezes you.
* * * LOW HITPOINT WARNING * * *
Your cactus giant hits the orc warlord with a +0 giant spiked club!
Flame seeps out of the orc warlord.
Casting: Scorch (safe; 1% risk of failure)
Confirm with . or Enter, or press ? or * to list all spells.
You feel a surge of power!
Flames lash the orc warlord.
The orc warlord is burned terribly!
Flame seeps out of the orc warlord.
The orc warlord is almost dead.
* * * LOW HITPOINT WARNING * * *
You block the orc warrior's attack. You block the orc warlord's attack.
Casting: Scorch (safe; 1% risk of failure)
Confirm with . or Enter, or press ? or * to list all spells.
You feel a surge of power!
Flames lash the orc warrior.
The orc warrior is burned terribly!
The orc warrior is severely wounded.
* * * LOW HITPOINT WARNING * * *
You block the orc warrior's attack.
The orc warlord is engulfed in blazing flames.
Flame seeps out of the orc warlord.
The orc warlord roars a battlecry!
The orc warrior goes into a battle-frenzy!
Casting: Scorch (safe; 1% risk of failure)
Confirm with . or Enter, or press ? or * to list all spells.
You feel a surge of power!
Flames lash the orc warrior but do no damage.
* * * LOW HITPOINT WARNING * * *
The orc warrior hits you with a +0 long sword!!
You die...

###.....### #.#....##.#
#########........##
#.##.#............###
....................##
.....................#
.#.###.......#.......#
.....#.....####......#.#
..#.......## ##@.......
###......## #oo.....#.
#.......# #.C†.....#
#.........# #)†.)...##
##.#......# #).[..#.#
#####..........#####
...........# ...........
....#.#


You could see an orc warlord (inner flame, combustible, ally target), an orc
warrior (strong, combustible) and a friendly cactus giant (summoned).

Vanquished Creatures
  A minotaur (Gauntlet)
  4 hydras
  A boulder beetle (D:11)
  A catoblepas (Lair:5)
  4 two-headed ogres
  A merfolk avatar (Lair:6)
  4 death yaks (Lair:6)
  A hell hog (Gauntlet)
  An orc high priest (Bailey)
  A fire crab (Lair:6)
  3 sea snakes (Lair:6)
  2 lindwurms (Lair:6)
  3 wizards (Gauntlet)
  Pikel (D:4)
  2 orc knights (Bailey)
  A deep elf pyromancer (D:9)
  4 orc sorcerers (Orc:2)
  2 harpies (Lair:6)
  2 oklob plants (Lair:6)
  A manticore (Lair:6)
  A moth of wrath (Gauntlet)
  An ugly thing (D:11)
  15 elephants
  Maurice (D:8)
  6 black mambas
  A gargoyle (D:10)
  Joseph (D:7)
  18 cane toads
  2 unseen horrors (D:11)
  6 komodo dragons
  A kobold demonologist (Bailey)
  13 rime drakes
  3 polar bears
  5 trolls
  14 saltlings (Orc:2)
  A queen bee (Gauntlet)
  38 blink frogs
  4 dream sheep (Lair:4)
  A snapping turtle (Lair:6)
  3 culicivoras (Lair:4)
  9 wyverns
  65 yaks
  A wraith (D:10)
  6 vampire mosquitoes (D:11)
  4 basilisks
  A fire bat (Gauntlet)
  2 humans (D:10)
  Grum (D:11)
  Menkaure (D:7)
  4 wargs
  3 hell hounds
  12 water moccasins
  22 orc warriors
  A swamp drake (D:11)
  A hornet zombie (D:7)
  A meliai simulacrum (D:11)
  2 ice beasts (D:11)
  2 black bears
  24 wolves
  5 centaurs
  2 lemures (D:4)
  2 kobold brigands
  3 phantoms
  12 bullfrogs
  A gnoll sergeant (D:7)
  2 necrophages
  A wyvern zombie (D:7)
  3 scorpions
  20 wights
  5 killer bees
  11 electric eels
  4 centaur zombies (D:7)
  A bullfrog zombie (D:7)
  A gnoll bouda (D:4)
  3 hounds
  A jelly (D:6)
  11 orc priests
  3 iguanas
  24 orc wizards
  8 hell rats
  A killer bee zombie (D:7)
  A boggart simulacrum (D:11)
  A howler monkey zombie (D:7)
  14 gnolls
  8 adders
  5 shadow imps
  4 white imps
  An ufetubus (D:7)
  A worm (D:2)
  6 dart slugs
  52 orcs
  8 endoplasms
  A giant cockroach (D:2)
  21 goblins
  15 hobgoblins
  9 jackals
  A quokka (D:1)
  2 ball pythons
  4 bats
  2 frilled lizards
  13 kobolds
  2 rats
  A bush (Lair:1)
  2 pillars of salt (Orc:2)
635 creatures vanquished.

Vanquished Creatures (collateral kills)
  Harold (D:11)
  2 cyclopes (D:11)
  An unseen horror (D:11)
  A blink frog (Lair:6)
  A shadow (D:11)
  A fire bat (Gauntlet)
  A vampire mosquito (D:11)
  2 hell hounds (Gauntlet)
  A meliai simulacrum (D:11)
  An ice beast (D:11)
  2 killer bees (D:11)
  An electric eel (D:11)
  2 orc priests
  An orc wizard (Orc:2)
  7 foxfires
25 creatures vanquished.

Vanquished Creatures (others)
  870 foxfires
  54 fungi
  3 pillars of salt (Orc:2)
  177 plants
  A withered plant (D:7)
1105 creatures vanquished.

Grand Total: 1765 creatures vanquished

Notes
Turn   | Place    | Note
-------+----------+-------------------------------------------
     0 | D:1      | jimonade the Djinni Fire Elementalist began the quest for
                  | the Orb.
     0 | D:1      | jimonade set off with the following spells memorised:
                  | Foxfire, Scorch, Conjure Flame, Inner Flame, Flame Wave.
     0 | D:1      | Reached XP level 1. HP: 15/15 MP: 0/0
     3 | D:1      | Noticed an electric eel
     4 | D:1      | Noticed an electric eel
   323 | D:1      | Reached XP level 2. HP: 14/22 MP: 0/0
  1323 | D:2      | Reached XP level 3. HP: 24/26 MP: 0/0
  1323 | D:2      | Learned a level 1 spell: Freeze
  1452 | D:2      | Reached skill level 3 in Spellcasting
  1456 | D:2      | Reached skill level 1 in Fighting
  1861 | D:2      | Found a faded altar of an unknown god.
  2309 | D:3      | Found a shimmering altar of Xom.
  2367 | D:3      | Reached XP level 4. HP: 30/32 MP: 0/0
  3592 | D:4      | Noticed a black bear
  3595 | D:4      | Killed a black bear
  3596 | D:4      | Reached skill level 4 in Spellcasting
  3596 | D:4      | Reached XP level 5. HP: 27/38 MP: 0/0
  3596 | D:4      | Learned a level 2 spell: Passwall
  3599 | D:4      | Reached XP level 6. HP: 25/43 MP: 0/0
  4063 | D:4      | Noticed Pikel
  4908 | D:4      | Found Gaecved's Armour Shop.
  4959 | D:4      | Reached XP level 7. HP: 37/49 MP: 0/0
  4959 | D:4      | Learned a level 2 spell: Call Imp
  4984 | D:4      | Reached skill level 5 in Spellcasting
  5274 | D:4      | Found a staircase to the Ecumenical Temple.
  5280 | Temple   | Entered the Ecumenical Temple
  5614 | D:4      | Killed Pikel
  5615 | D:4      | Reached skill level 6 in Spellcasting
  5615 | D:4      | Reached XP level 8. HP: 50/58 MP: 0/0
  5721 | D:5      | Entered Level 5 of the Dungeon
  6407 | D:5      | Found a glowing golden altar of the Shining One.
  6576 | D:6      | Found a runed translucent gate.
  6576 | D:6      | Found a runed translucent gate.
  6576 | D:6      | Found a runed translucent gate.
  6582 | D:6      | Noticed a spectral unseen horror
  6582 | D:6      | Noticed ponyjar's ghost (novice OpTm)
  6649 | D:6      | Reached skill level 7 in Spellcasting
  6797 | D:6      | Found a sparkling altar of Nemelex Xobeh.
  7003 | D:6      | Reached XP level 9. HP: 59/63 MP: 0/0
  7003 | D:6      | Learned a level 4 spell: Dispel Undead
  8047 | D:7      | Reached skill level 8 in Spellcasting
  8059 | D:7      | Found a flagged portal.
  8068 | Bailey   | Entered a bailey
  8340 | Bailey   | Upgraded the game from 0.29-a0-841-g116ddc6ace to
                  | 0.29-a0-845-g6161e89988
  8770 | Bailey   | Reached skill level 5 in Fighting
  9260 | Bailey   | Noticed an orc knight
  9349 | Bailey   | Killed an orc knight
  9377 | Bailey   | Reached skill level 9 in Spellcasting
  9770 | Bailey   | Noticed a kobold demonologist
 10102 | Bailey   | Reached XP level 10. HP: 65/72 MP: 0/0
 10120 | Bailey   | Noticed a sixfirhy
 10125 | Bailey   | Killed a kobold demonologist
 10257 | Bailey   | Identified the +1 chain mail "Xabyb" {rC+ Dex+2}
 10264 | Bailey   | Noticed an orc high priest
 10275 | Bailey   | Killed an orc high priest
 10276 | Bailey   | Reached skill level 10 in Spellcasting
 10451 | Bailey   | Noticed an orc knight
 10601 | Bailey   | Found an iron altar of Okawaru.
 10764 | Bailey   | Killed an orc knight
 11289 | D:7      | Noticed Joseph
 11291 | D:7      | Killed Joseph
 11371 | D:7      | Noticed Menkaure
 11378 | D:7      | Killed Menkaure
 11388 | D:7      | Reached XP level 11. HP: 78/79 MP: 0/0
 11388 | D:7      | Learned a level 5 spell: Yara's Violent Unravelling
 11496 | D:7      | Reached skill level 1 in Armour
 12075 | D:8      | Reached skill level 11 in Spellcasting
 12223 | D:8      | Noticed a two-headed ogre
 12229 | D:8      | Killed a two-headed ogre
 12306 | D:8      | Found a staircase to the Lair.
 12448 | D:8      | Noticed a two-headed ogre
 12452 | D:8      | Killed a two-headed ogre
 12537 | D:8      | Reached skill level 12 in Spellcasting
 12559 | D:8      | Found a burning altar of Makhleb.
 12565 | D:8      | Became a worshipper of Makhleb the Destroyer
 12632 | D:8      | Noticed Maurice
 12649 | D:8      | Killed Maurice
 12868 | D:8      | Found a hazy altar of Hepliaklqana.
 12869 | D:8      | Found a faded altar of an unknown god.
 12909 | D:8      | Acquired 707 gold pieces
 13031 | D:4      | Bought the +2 cloak "Xejiunac" {rN+} for 282 gold pieces
 13215 | Lair:1   | Entered Level 1 of the Lair of Beasts
 13242 | Lair:1   | Reached skill level 1 in Shields
 13249 | Lair:1   | Reached XP level 12. HP: 75/88 MP: 0/0
 13387 | Lair:1   | Reached * piety under Makhleb
 13537 | Lair:1   | Reached skill level 5 in Armour
 14739 | Lair:2   | Reached ** piety under Makhleb
 14740 | Lair:2   | Reached XP level 13. HP: 67/96 MP: 0/0
 14740 | Lair:2   | Learned a level 5 spell: Lee's Rapid Deconstruction
 14833 | Lair:2   | Reached skill level 5 in Shields
 14888 | Lair:2   | Reached skill level 10 in Fighting
 15482 | Lair:3   | Found a transporter.
 15613 | Lair:3   | Reached skill level 10 in Armour
 16083 | Lair:3   | Noticed Losulif's ghost (journeyman MiMo)
 16088 | Lair:3   | Found a transporter.
 16469 | Lair:3   | Reached *** piety under Makhleb
 16973 | Lair:4   | Found a staircase to the Shoals.
 17019 | Lair:4   | Reached XP level 14. HP: 89/103 MP: 0/0
 17524 | Lair:4   | Reached **** piety under Makhleb
 17647 | Lair:4   | Found a hole to the Spider Nest.
 18458 | Lair:5   | Identified the +8 spear of the Blessed Realm {drain, MP+9}
 18905 | Lair:6   | Entered Level 6 of the Lair of Beasts
 19168 | Lair:6   | Found a viscous altar of Jiyva.
 19418 | Lair:6   | Reached ***** piety under Makhleb
 19475 | Lair:6   | Reached XP level 15. HP: 13/111 MP: 0/0
 19475 | Lair:6   | Learned a level 6 spell: Summon Cactus Giant
 19744 | Lair:6   | Reached skill level 13 in Spellcasting
 20419 | Lair:6   | Found a staircase to the Slime Pits.
 21426 | D:10     | Entered Level 10 of the Dungeon
 21532 | D:10     | Found an iron altar of Okawaru.
 22219 | D:11     | Noticed Grum
 22227 | D:11     | Killed Grum
 22269 | D:11     | Found a gate leading to a gauntlet.
 22277 | D:11     | Found Metangitz's Magic Scroll Boutique.
 22282 | Gauntlet | Entered a Gauntlet
 22282 | Gauntlet | Found a transporter.
 22293 | Gauntlet | Found a runed translucent door.
 22296 | Gauntlet | Found a transporter.
 22298 | Gauntlet | Found a transporter.
 22299 | Gauntlet | Found a transporter.
 22310 | Gauntlet | Found a transporter.
 22311 | Gauntlet | Found a transporter.
 22312 | Gauntlet | Found a transporter.
 22323 | Gauntlet | Found a transporter.
 22324 | Gauntlet | Found a transporter.
 22324 | Gauntlet | Found a transporter.
 22332 | Gauntlet | Found a transporter.
 22335 | Gauntlet | Found a transporter.
 22336 | Gauntlet | Found a transporter.
 22344 | Gauntlet | Found a transporter.
 22677 | Gauntlet | Identified the +3 hand axe of Odoivoqo {venom, rF+}
 22859 | Gauntlet | Identified the +1 robe of Zin's Esteem {-Tele rN+ Str+6}
 22885 | D:11     | Bought a scroll of acquirement for 572 gold pieces
 22885 | D:11     | Bought a scroll of teleportation for 33 gold pieces
 22885 | D:11     | Bought a scroll of fear for 44 gold pieces
 22885 | D:11     | Bought a scroll of identify for 22 gold pieces
 22885 | D:11     | Bought a scroll of enchant armour for 82 gold pieces
 22885 | D:11     | Bought a scroll of enchant weapon for 82 gold pieces
 22898 | D:11     | Acquired a staff of poison
 22920 | D:11     | Reached skill level 14 in Spellcasting
 23190 | D:11     | Reached skill level 10 in Shields
 23322 | D:11     | Noticed Harold
 23330 | D:11     | Killed Harold
 23558 | D:11     | Acquired a manual of Dodging
 23728 | D:11     | Found a staircase to the Orcish Mines.
 23768 | D:11     | Reached ****** piety under Makhleb
 23872 | Orc:1    | Entered Level 1 of the Orcish Mines
 23977 | Orc:2    | Entered Level 2 of the Orcish Mines
 23977 | Orc:2    | Found Buseom's Mass Market.
 24178 | Orc:2    | Reached XP level 16. HP: 120/120 MP: 0/0
 24179 | Orc:2    | Reached skill level 5 in Dodging
 24321 | Orc:2    | Slain by an orc warrior

Illustrated notes

Levels and vault maps discovered:
D:1:      arrival_aquarium_b, layout_rooms, st_stairs_5,
          minmay_misc_feat_nine_boxes, hangedman_glass_teeth,
          dreamdust_wishing_well, minmay_hedge_maze, minmay_misc_feat_columns,
          minmay_misc_feat_rugged
D:2:      wander_river, layout_basic, basic_ecumenical_altar, chequers_garden,
          nicolae_concentric_dashed_squares_wild
D:3:      layout_loops_ring, lemuel_blue_sif_altar,
          mainiacjoe_overflow_six_doors_small
D:4:      layout_basic, minmay_temple_entry_fiery, serial_shops,
          nicolae_shop_behind_doors, amcnicky_mini_corridor_feature, uniq_pikel
D:5:      layout_rooms, mainiacjoe_overflow_alcove_4,
          chequers_serial_rivers_large_a
D:6:      layout_basic, nemelex_spade_bored_becter, gammafunk_ghost_necromancy
D:7:      layout_loops_ring, enter_bailey_5, serial_undead, serial_undead_d,
          serial_undead_e, serial_undead_a, serial_undead_c, serial_undead_a,
          uniq_joseph, uniq_menkaure
D:8:      layout_basic, bloody_makhleb, beargit_hepliaklqana_dungeon_heroes,
          erik_lair_orcish_takeover, uniq_maurice
D:9:      layout_stronghold, minmay_librarian
D:10:     layout_gridville, okawaru_humans, kennysheep_decorative_pillar
D:11:     kennysheep_ambush_hall, layout_loops_ring, erik_orc_1, serial_shops,
          shop, gauntlet_entry_generic, serial_ice, serial_ice_k, serial_ice_e,
          serial_ice_c, serial_ice_m, uniq_harold, uniq_grum
Temple:   hellmonk_temple_of_storms
Lair:1:   layout_roguey, serial_bayou, serial_bayou_lake_a,
          serial_bayou_crossing, serial_bayou_ford_a, serial_bayou_lagoon_a,
          nicolae_lair_grazing_beasts [nicolae_sub_lair_graze_edge,
          nicolae_sub_lair_graze_edge, nicolae_sub_lair_graze_edge,
          nicolae_sub_lair_graze_edge]
Lair:2:   layout_small_grid
Lair:3:   layout_gridlike, gammafunk_ghost_arena
Lair:4:   layout_cave_pods, minmay_shoals_entry_centaurs,
          hellmonk_spider_entry_life_and_decay
Lair:5:   layout_roguey [special_room_mythical_zoo], grunt_megastairs_4
Lair:6:   gammafunk_lair_ancient_temple, layout_regular_city,
          minmay_slime_entry_oklob_enclosed, nicolae_lair_lindhole
Orc:1:    layout_caves, basic_altar
Orc:2:    hellmonk_orc_salted, layout_diamond_mine, serial_shops,
          nicolae_shop_advertising_works [nicolae_subvault_shop_adworks],
          nicolae_shop_behind_doors, shop, minmay_shop_mass

Skill      XL: |  1  2  3  4  5  6  7  8  9 10 11 12 13 14 15 16 |
---------------+-------------------------------------------------+-----
Spellcasting   | 3 4 6 7 9 10 12 14 | 14.5
Fighting       | 1 2 3 4 5 7 8 9 10 11 12 | 12.5
Dodging        | 3 4 5 |  5.6
Armour         | 2 7 11 12 | 12.5
Shields        | 1 4 7 9 10 | 10.2
Stealth        | |  1.5

Action                   |  1- 3 |  4- 6 |  7- 9 | 10-12 | 13-15 | 16-18 || total
-------------------------+-------+-------+-------+-------+-------+-------++-------
Melee: Short sword       |     1 |       |       |       |       |       ||     1
       Punch             |     1 |       |       |       |       |       ||     1
       Staff             |       |       |       |       |     3 |       ||     3
 Cast: Foxfire           |    27 |     1 |   118 |   129 |   240 |    22 ||   537
       Scorch            |    20 |    65 |    33 |   108 |   293 |    17 ||   536
       Inner Flame       |       |     2 |    29 |   105 |   251 |    14 ||   401
       Flame Wave        |       |       |       |     9 |    18 |       ||    27
       Conjure Flame     |       |       |       |     1 |       |       ||     1
       Freeze            |       |       |       |       |    29 |       ||    29
       Lee's Rapid Decon |       |       |       |       |    15 |    10 ||    25
       Yara's Violent Un |       |       |       |       |     4 |       ||     4
       Summon Cactus Gia |       |       |       |       |    15 |     1 ||    16
  Use: Scroll            |       |       |    11 |     7 |    10 |       ||    28
       Potion            |       |       |     1 |     1 |     6 |       ||     8
Armor: Robe              |     2 |     3 |     2 |       |     1 |       ||     8
       Leather armour    |       |       |       |    11 |    10 |       ||    21
       Ring mail         |       |       |       |     5 |    76 |       ||    81
Dodge: Dodged            |     9 |    11 |    16 |    55 |    87 |     3 ||   181
Block: Buckler           |       |       |       |     8 |       |       ||     8
       Kite shield       |       |       |       |    24 |   127 |     4 ||   155

Table legend: (Time is in decaauts)
 A = Elapsed time spent in this place.
 B = Non-inter-level travel time spent in this place.
 C = Inter-level travel time spent in this place.
 D = Time resting spent in this place.
 E = Time spent auto-exploring this place.
 F = Levels seen in this place.
 G = Mean time per level.
                   A        B        C        D        E       F      G
               +--------+--------+--------+--------+--------+-----+--------+
         Total |  24273 |  23037 |   1236 |   4146 |  12936 |  22 | 1103.3 |
       Dungeon |  12931 |  12149 |    782 |   1555 |   8247 |  11 | 1175.5 |
        Temple |    114 |     99 |     15 |      0 |     22 |   1 |  114.0 |
          Lair |   7302 |   6870 |    432 |    751 |   4049 |   6 | 1217.0 |
  Orcish Mines |    420 |    414 |      6 |      0 |    230 |   2 |  210.0 |
        Bailey |   2928 |   2928 |      0 |   1744 |    225 |   1 | 2928.0 |
      Gauntlet |    576 |    576 |      0 |     96 |    163 |   1 |  576.0 |
               +--------+--------+--------+--------+--------+-----+--------+

Top non-repeatable levels by time:
  Bailey: 2928 daAuts
     D:3: 1734 daAuts
     D:4: 1674 daAuts
  Lair:6: 1563 daAuts
  Lair:4: 1536 daAuts
     D:6: 1512 daAuts
     D:1: 1244 daAuts
     D:7: 1139 daAuts
    D:11: 1138 daAuts
  Lair:1: 1124 daAuts
  Lair:2: 1101 daAuts
     D:8: 1049 daAuts
     D:2: 1046 daAuts
  Lair:3: 1004 daAuts
  Lair:5: 971 daAuts
